 Dungeon Crawl Stone Soup version 0.18-a0-629-g16988c9 (webtiles) character file.

333462 4thArraOfDagon the Envoy of Void (level 20, -1/156 HPs)
             Began as a Demonspawn Abyssal Knight on Dec 4, 2015.
             Was a High Priest of Lugonu.
             Slain by a spriggan berserker
             ... wielding a +0 antimagic hand axe
              (32 damage)
             ... on level 2 of the Depths.
             The game lasted 03:54:15 (30890 turns).

4thArraOfDagon the Envoy of Void (DsAK)            Turns: 30890, Time: 03:54:15

Health: -1/156     AC: 21    Str: 22    XL:     20   Next: 53%
Magic:  10/35      EV:  7    Int: 28    God:    Lugonu [*****.]
Gold:   2388       SH:  7    Dex: 14    Spells: 10 memorised, 3 levels left

rFire  + . .     SeeInvis .     X - +8 demon blade "Leech" {vamp, rN+ AC-2 EV-2 Str-2 Int-2 Dex-2}
rCold  + . .     Clarity  .     D - +8 chain mail "Qotip" {rElec MR- Str+3}
rNeg   + + .     SustAt   .     B - +2 buckler
rPois  +         Gourm    +     S - -2 hat of the Alchemist {rElec rPois rF+ rC+ rN+ MR+ rMut rCorr}
rElec  +         Spirit   .     y - +2 cloak
rCorr  +         Dismiss  .     C - +0 pair of gloves "Ychacyci" {+Blink +Inv rF- Int+4}
rMut   +         Stasis   .     (boots unavailable)
MR     +....                    t - amulet of the gourmand
Stlth  ..........               P - ring of Xativvoh {Str+6 Int+5}
                                g - ring of wizardry

@: regenerating, repel missiles, somewhat resistant to hostile enchantments,
extremely unstealthy
A: antennae 2, claws 2, talons 3, agile 1, clever 1, fire resistance 1, mutation
resistance 1, powered by death 3, spit poison 1, flame cloud immunity, sturdy
frame 1
a: Spit Poison, Depart the Abyss, Bend Space, Banish, Corrupt, Enter the Abyss,
Renounce Religion, Evoke Blink, Evoke Invisibility
}: 3/15 runes: barnacled, abyssal, gossamer


You were on level 2 of the Depths.
You worshipped Lugonu.
Lugonu was extremely pleased with you.
You were very full.

You visited 7 branches of the dungeon, and saw 43 of its levels.
You visited the Abyss 6 times.
You also visited: Ossuary and Ice Cave.

You collected 5928 gold pieces.
You spent 3540 gold pieces at shops.

Inventory:

Hand Weapons
 n - a +0 blowgun
 X - the +8 demon blade "Leech" (weapon) {vamp, rN+ AC-2 EV-2 Str-2 Int-2 Dex-2}
   (You found it in an ice cave)

   It inflicts no extra harm, but heals its wielder somewhat when it strikes a
   living foe.
   It affects your AC (-2).
   It affects your evasion (-2).
   It affects your strength (-2).
   It affects your intelligence (-2).
   It affects your dexterity (-2).
   It protects you from negative energy.
Missiles
 a - a throwing net (quivered)
 E - 9 curare-tipped needles
Armour
 y - a +2 cloak (worn)
 B - a +2 buckler (worn)
 C - the +0 pair of gloves "Ychacyci" (worn) {+Blink +Inv rF- Int+4}
   (You found it on level 3 of the Elven Halls)

   It affects your intelligence (+4).
   It makes you vulnerable to fire.
   It lets you turn invisible.
   It lets you blink.
 D - the +8 chain mail "Qotip" (worn) {rElec MR- Str+3}
   (You found it on level 3 of the Elven Halls)

   It affects your strength (+3).
   It insulates you from electricity.
   It affects your resistance to hostile enchantments.
 S - the -2 hat of the Alchemist (worn) {rElec rPois rF+ rC+ rN+ MR+ rMut rCorr}
   (You bought it in a shop on level 4 of the Orcish Mines)

   It protects you from fire.
   It protects you from cold.
   It insulates you from electricity.
   It protects you from poison.
   It protects you from negative energy.
   It affects your resistance to hostile enchantments.
   It protects you from acid and corrosion.
   It protects you from mutation.
Magical Staves
 M - an uncursed staff of energy {!a}
Rods
 r - a +1 rod of the swarm (9/9)
   (You found it on level 3 of the Elven Halls)
Jewellery
 g - a ring of wizardry (left hand)
 l - the ring "Wiagrir" {+/*Tele Str+6}
   (You bought it in a shop on level 3 of the Elven Halls)

   [ring of teleportation]

   It may teleport you next to monsters, and can be evoked to randomly teleport.
   It affects your strength (+6).
 t - an amulet of the gourmand (around neck)
 u - an uncursed amulet of clarity
 v - an uncursed ring of protection from fire
 G - an uncursed amulet of rage
 P - the ring of Xativvoh (right hand) {Str+6 Int+5}
   (You took it off a rakshasa on level 3 of the Depths)

   [ring of intelligence]

   It affects your strength (+6).
   It affects your intelligence (+5).
 T - an uncursed ring of see invisible
Wands
 m - a wand of digging (13)
 N - a wand of disintegration (5)
 V - a wand of digging (9)
Scrolls
 b - 7 scrolls of fear
 d - a scroll of blinking
 e - 6 scrolls of enchant armour
 f - 18 scrolls of remove curse
 o - 4 scrolls of enchant weapon
 A - 3 scrolls of teleportation
 I - 3 scrolls of fog
 J - a scroll of magic mapping
 L - 3 scrolls of recharging
 R - a scroll of summoning
Potions
 i - 9 potions of curing
 j - 3 potions of haste
 k - 8 potions of brilliance
 p - 4 potions of agility
 s - 2 potions of might
 w - 5 potions of ambrosia
 z - 4 potions of cancellation
 F - 2 potions of flight
 Q - 5 potions of lignification
 U - a potion of magic
 Y - a potion of resistance
 Z - a potion of heal wounds
Books
 W - a book of Enchantments

   Spells                             Type                      Level
   a - Cause Fear                     Hexes                        4
   b - Yara's Violent Unravelling     Hexes/Transmutation          5
   c - Silence                        Hexes/Air                    5
   d - Deflect Missiles               Charms/Air                   6
   e - Haste                          Charms                       6
   f - Discord                        Hexes                        8
Miscellaneous
 q - a fan of gales
 x - 3 phantom mirrors
 H - an ornate deck of wonders
 K - a box of beasts {used: 9}
 O - a piece from Xom's chessboard
Comestibles
 c - 13 bread rations
 h - 20 meat rations


   Skills:
 - Level 13.1 Fighting
 - Level 16.0 Long Blades
 - Level 12.3 Armour
 - Level 0.8 Dodging
 - Level 5.5 Shields
 - Level 9.5 Spellcasting
 - Level 2.6 Hexes
 - Level 6.8 Charms
 - Level 4.8 Necromancy
 - Level 11.8 Translocations
 * Level 23.9 Invocations
 - Level 6.2 Evocations


You had 3 spell levels left.
You knew the following spells:

 Your Spells              Type           Power        Failure   Level  Hunger
a - Apportation           Tloc           ######....   1%          1    None
b - Animate Skeleton      Necr           N/A          1%          1    None
c - Regeneration          Chrm/Necr      #####.....   1%          3    None
d - Spectral Weapon       Hex/Chrm       #####...     3%          3    None
e - Song of Slaying       Chrm           ######..     1%          2    None
f - Controlled Blink      Tloc           N/A          99%         8    #######
g - Phase Shift           Tloc           ######....   1%          5    ####...
h - Repel Missiles        Chrm/Air       ####..       3%          2    None
i - Passage of Golubria   Tloc           N/A          1%          4    None
j - Haste                 Chrm           ######..     75%         6    #####..


Dungeon Overview and Level Annotations

Branches:
Dungeon (15/15)              Lair (8/8) D:9          Shoals (4/4) Lair:3
 Spider (4/4) Lair:4        Slime (0/6) Lair:6          Orc (4/4) D:11
    Elf (3/3) Orc:3        Depths (5/5) D:15
 Temple: D:4-7       Vaults: D:13-14        Zot: Depths:5

Altars:
Gozag
Kikubaaqudgha
Nemelex Xobeh
Okawaru
The Shining One
Beogh
Jiyva

Shops:
Orc:2 [   Orc:3 *   Orc:4 ([*:?*   Elf:3 =   Depths:1 ::

Portals:
Hell: Depths:2 Depths:4
Abyss: Depths:4
Pandemonium: Depths:2 Depths:3
Ziggurat: Depths:1

Annotations:
Lair:4 exclusion: 3 oklob plants
Shoals:4 Ilsuiw
Orc:4 corrupted
Elf:2 3 runed doors
Elf:3 corrupted


Innate Abilities, Weirdness & Mutations

You have a pair of antennae on your head.
You have very sharp fingernails.
You have claws for feet.
Your flesh is heat resistant.
You regenerate a lot of health from kills.
You are immune to clouds of flame.
You are agile. (Dex +2)
Your mind is acute. (Int +2)
You are somewhat resistant to further mutation.
You can spit weak poison.
Your movements are slightly less encumbered by armour (ER -2).


Message History

* * * LOW HITPOINT WARNING * * *
Unknown command.
Unknown command.
Unknown command.
Unknown command.
Unknown command.
Unknown command.
Unknown command.
Unknown command.
Unknown command.
Unknown command.
Unknown command.
Unknown command.
Unknown command.
You barely miss the spriggan berserker.
The spriggan berserker is moderately wounded.
Your spectral weapon hits the spriggan berserker!!
Your spectral weapon is healed.
The spriggan berserker hits you with an antimagic hand axe!!
You die...

############# #...........#
#.#########.# #.# ###...#
###'#####.....##
#########.........#....#
............c..i@.###..#
...............(..#....#
..................#.##.#
..................#. ..#
.........##'#####.#############
.........<%.#####.............#
.........C....................#
..............................###
###.......###.......#####....(((>


You could see an ettin, a spriggan berserker (berserk), a yaktaur and a friendly
spectral demon blade "Leech" {vamp, rN+ AC-2 EV-2 Str-2 Int-2 Dex-2}.

Vanquished Creatures
  A juggernaut (Depths:3)
  A caustic shrike (Depths:2)
  2 golden dragons (Depths:3)
  3 bone dragons
  8 liches
  5 tentacled monstrosities
  A hellephant (Abyss:5)
  A quicksilver dragon (Depths:2)
  A titan (Depths:3)
  2 tentacled starspawn
  2 sphinxes
  An Executioner (Abyss:5)
  A shadow dragon (Depths:3)
  A revenant (Abyss:1)
  An azure jelly (Abyss:2)
  A storm dragon (Depths:4)
  5 fire giants
  4 frost giants
  3 deep elf sorcerers
  Aizul (Elf:3)
  5 spriggan defenders
  5 ghost moths
  5 emperor scorpions (Spider:4)
  6 very ugly things
  9 stone giants
  4 deep elf annihilators
  A yellow draconian (Abyss:5)
  A deep elf demonologist (Elf:3)
  A white draconian (Abyss:1)
  2 spark wasps (Depths:2)
  An eidolon (Abyss:5)
  3 merfolk javelineers
  Snorg (D:13)
  A blizzard demon (Abyss:5)
  2 ettins
  5 deep elf death magi
  3 fire dragons
  5 merfolk impalers
  6 entropy weavers
  A deep elf high priest (Elf:3)
  Fannar (Abyss:1)
  3 rakshasas
  Harold (Lair:3)
  A catoblepas (Lair:8)
  Erolcha (Orc:3)
  5 ice dragons
  6 great orbs of eyes
  5 spriggan air magi
  2 merfolk aquamancers (Shoals:4)
  2 centaur warriors
  2 merfolk avatars
  5 hydras
  An alligator (Abyss:2)
  Erica (D:8)
  A dancing weapon (Elf:2)
  A satyr (Shoals:4)
  3 tengu warriors
  A queen ant (shapeshifter) (Depths:2)
  3 ogre magi
  A naga sharpshooter (Abyss:2)
  An orc high priest (Abyss:1)
  8 death yaks (Lair:8)
  2 deep troll earth magi
  6 thrashing horrors
  3 deep troll shamans (Depths:1)
  2 spriggan berserkers
  Sonja (Orc:4)
  9 deep elf knights
  11 large abominations
  2 wretched stars
  2 hell knights
  An iron troll (Depths:1)
  A naga ritualist (Abyss:2)
  An unseen horror (D:14)
  2 giant orange brains
  A spatial maelstrom (Abyss:5)
  8 deep trolls
  7 sea snakes
  A phantasmal warrior (Abyss:1)
  An unseen horror (shapeshifter) (Depths:1)
  4 hill giants
  A swamp dragon (Abyss:2)
  7 deep elf summoners
  2 flayed ghosts
  18 wolf spiders
  2 cyclopes
  7 griffons
  6 harpies
  3 wizards (Depths:3)
  6 orb spiders
  12 deep elf conjurers
  2 orc sorcerers
  A moth of wrath (shapeshifter) (Depths:3)
  21 ugly things
  A cyclops (shapeshifter) (Depths:3)
  A manticore (shapeshifter) (Abyss:2)
  4 fauns
  5 manticores
  2 black mambas
  4 water nymphs
  4 elephants
  An apocalypse crab (Abyss:5)
  6 spiny frogs
  A guardian serpent (Abyss:1)
  5 sirens
  An ice statue (IceCv)
  A spiny frog (shapeshifter) (Depths:4)
  A guardian serpent (shapeshifter) (Abyss:5)
  3 smoke demons
  2 centaur skeletons
  A hellion (Abyss:1)
  5 yaktaurs (Depths:1)
  7 demonic crawlers
  9 deep elf priests
  3 efreet
  5 ancient zymes
  A tengu conjurer (D:14)
  2 spriggan druids (Lair:8)
  19 jumping spiders
  11 komodo dragons
  3 trolls
  27 polar bears
  A troll (shapeshifter) (Depths:3)
  A silent spectre (Abyss:1)
  A polar bear (shapeshifter) (D:13)
  A wind drake (Shoals:4)
  A slime creature (Abyss:1)
  A hornet zombie (D:15)
  13 merfolk
  A trapdoor spider zombie (D:10)
  A giant leech (Abyss:2)
  9 raiju
  6 two-headed ogres
  6 snapping turtles
  8 blink frogs (Lair:4)
  15 tarantellas
  14 trapdoor spiders
  45 redbacks
  17 water elementals
  5 shadows
  10 spriggans (Lair:8)
  9 hippogriffs
  5 deep elf fighters
  4 air elementals
  2 hungry ghosts
  2 ynoxinuls (Abyss:2)
  20 deep elf magi
  8 neqoxecs
  2 basilisks
  40 yaks
  Grum (D:11)
  5 chaos spawn
  A steam dragon (D:13)
  A fire elemental (Lair:4)
  46 wolves
  A golden eye (shapeshifter) (Depths:3)
  14 porcupines
  12 water moccasins
  A soldier ant (D:12)
  An insubstantial wisp (Abyss:1)
  A spiny frog zombie (Abyss:1)
  A hell hound (Abyss:1)
  9 black bears
  14 orc warriors
  4 wasps
  3 ice beasts
  3 phantoms
  4 sky beasts
  2 necrophages
  5 centaurs
  An eye of draining (D:9)
  22 ogres
  2 boggarts (Depths:1)
  11 crocodiles
  Blork the orc (D:5)
  An elf zombie (Ossuary)
  9 big kobolds
  26 giant frogs
  A wyvern zombie (D:8)
  9 small abominations
  3 scorpions
  4 killer bees (D:9)
  14 wights
  11 crimson imps
  5 electric eels
  4 quasits
  3 starcursed masses (Abyss:5)
  3 giant frog skeletons
  16 orc priests
  5 hounds
  3 iron imps
  A wasp zombie (D:10)
  A giant frog zombie (D:10)
  3 centaur zombies
  9 jellies
  21 orc wizards
  6 iguanas
  9 worker ants
  2 hell rats (Lair:4)
  5 sheep
  5 mummies
  5 worker ant zombies
  40 river rats
  7 adders
  8 shadow imps
  3 white imps
  An ufetubus (Abyss:1)
  2 adder zombies (Ossuary)
  A worm (D:3)
  2 giant geckos (D:3)
  130 orcs
  4 bats
  4 giant cockroaches
  6 hobgoblins
  9 kobolds
  4 quokkas
  A giant gecko zombie (D:7)
  2 giant newts (D:6)
  A gnoll zombie (Ossuary)
  4 goblins
  2 goblin zombies (Ossuary)
  4 hobgoblin zombies (Ossuary)
  3 kobold zombies (Ossuary)
  3 quokka zombies (Ossuary)
  6 rats
  2 rat zombies (Ossuary)
  4 crawling corpses
  A fungus (D:9)
  2 macabre masses (Abyss:5)
  A plant (Lair:4)
  A starspawn tentacle (Abyss:1)
1311 creatures vanquished.

Vanquished Creatures (collateral kills)
  2 deep elf blademasters (Elf:3)
  A quicksilver dragon (Depths:1)
  2 frost giants
  A very ugly thing (D:15)
  A stone giant (Depths:3)
  2 deep elf annihilators (Elf:3)
  A merfolk javelineer (Shoals:3)
  4 merfolk impalers
  2 deep elf high priests (Elf:3)
  A rakshasa (Depths:1)
  An ice dragon (D:15)
  2 alligator snapping turtles
  An ogre mage (Depths:1)
  A death yak (Lair:8)
  A sea snake (Shoals:4)
  A flayed ghost (Depths:1)
  A manticore (Shoals:1)
  3 harpies
  2 griffons
  A water nymph (Shoals:4)
  2 fauns (Shoals:3)
  A siren (Shoals:4)
  A komodo dragon (Lair:8)
  6 merfolk
  A tengu conjurer (Depths:1)
  A deep elf priest (Elf:1)
  2 wind drakes
  A two-headed ogre (Depths:3)
  2 snapping turtles (Shoals:4)
  A spriggan (Lair:8)
  3 water elementals
  A deep elf fighter (Elf:1)
  4 yaks
  A hippogriff (Lair:8)
  2 wolves
  A water moccasin (Lair:8)
  4 ogres (Depths:3)
  4 centaurs
  2 river rats (Lair:8)
  2 plants (Shoals:4)
73 creatures vanquished.

Vanquished Creatures (others)
  Saint Roka (Elf:3)
  A frost giant (IceCv)
  2 emperor scorpions (Spider:4)
  An orc warlord (Orc:4)
  A very ugly thing (D:15)
  3 deep elf annihilators (Elf:3)
  2 deep elf demonologists (Elf:3)
  A vampire knight (D:13)
  The ghost of 4thArraOfDagon the Envoy of Void, a journeyman DsAK of Lugonu (Orc:4)
  2 deep elf death magi (Elf:3)
  The ghost of Zebura the Destroyer, a journeyman DrAE of Vehumet (Orc:4)
  A merfolk javelineer (Shoals:4)
  A yaktaur captain (D:13)
  2 deep elf high priests (Elf:3)
  A centaur warrior (D:13)
  An entropy weaver (Depths:3)
  A hydra (Lair:6)
  2 deep troll shamans (Depths:4)
  3 orc high priests (Orc:4)
  3 deep elf knights (Elf:1)
  An iron troll (Depths:4)
  A hell knight (Depths:2)
  A deep troll (Depths:4)
  A phantasmal warrior (D:13)
  3 orc knights (Orc:4)
  4 orc sorcerers (Orc:4)
  A wolf spider (D:13)
  8 ugly things
  2 hornets (shapeshifter)
  A siren (Shoals:4)
  A deep elf priest (Elf:3)
  A polar bear (IceCv)
  A two-headed ogre (Depths:3)
  A deep elf mage (Elf:3)
  A yak (IceCv)
  A deep elf fighter (Elf:3)
  2 wolves (D:11)
  A warg (Elf:3)
  22 orc warriors
  A wasp (D:15)
  An electric eel (D:13)
  10 orc wizards
  10 orc priests (Orc:4)
  28 orcs
  A kobold (D:8)
  A bush (Lair:4)
  2 fungi (Lair:4)
  2 lurking horrors
  26 plants
  50 spectral weapons
  14 starspawn tentacles
  48 starspawn tentacle segments
279 creatures vanquished.

Grand Total: 1663 creatures vanquished

Notes
Turn   | Place    | Note
--------------------------------------------------------------
     0 | Abyss:1  | 4thArraOfDagon the Demonspawn Abyssal Knight began the quest for the Orb.
     0 | Abyss:1  | Reached XP level 1. HP: 18/18 MP: 2/2
    41 | Abyss:1  | Noticed a starcursed mass
    47 | Abyss:2  | Found a corrupted altar of Lugonu.
    71 | Abyss:2  | Noticed a ynoxinul
    78 | D:1      | Escaped the Abyss
   197 | D:1      | Reached * piety under Lugonu
   249 | D:2      | Gained mutation: You have a pair of small antennae on your head. [demonic ancestry]
   249 | D:2      | Reached XP level 2. HP: 21/24 MP: 4/4
   591 | D:2      | Reached XP level 3. HP: 24/29 MP: 5/5
   713 | D:3      | Reached ** piety under Lugonu
   798 | D:3      | Gained mutation: You have sharp toenails. [demonic ancestry]
   798 | D:3      | Reached XP level 4. HP: 19/35 MP: 6/6
   822 | D:3      | HP: 1/35 [adder (3)]
   879 | D:3      | Reached skill level 4 in Invocations
  1066 | D:3      | Found a sparkling altar of Nemelex Xobeh.
  1099 | D:4      | Reached XP level 5. HP: 35/41 MP: 8/8
  1104 | D:4      | Noticed an ogre
  1105 | D:4      | Noticed an ogre
  1114 | D:4      | Killed an ogre
  1375 | D:5      | Entered Level 5 of the Dungeon
  1442 | D:5      | Noticed Blork the orc
  1463 | D:5      | Killed Blork the orc
  1463 | D:5      | Reached skill level 5 in Invocations
  1463 | D:5      | Reached XP level 6. HP: 34/47 MP: 9/9
  1694 | D:6      | HP: 2/48 [orc/trident (7)]
  1945 | D:7      | Reached skill level 6 in Invocations
  2000 | D:7      | Gained mutation: You are agile. (Dex +2) [mutagenic meat]
  2001 | D:7      | Gained mutation: You can spit weak poison. [mutagenic meat]
  2002 | D:7      | Gained mutation: Your movements are slightly less encumbered by armour (ER -2). [mutagenic meat]
  2016 | D:6      | Gained mutation: Your flesh is heat resistant. [demonic ancestry]
  2016 | D:6      | Reached XP level 7. HP: 52/54 MP: 11/11
  2412 | D:7      | Reached skill level 7 in Invocations
  2547 | D:6      | Reached *** piety under Lugonu
  2562 | D:6      | Reached skill level 5 in Long Blades
  2682 | D:8      | Reached XP level 8. HP: 45/61 MP: 13/13
  2692 | D:8      | Found a sand-covered staircase.
  2704 | Ossuary  | Entered an ossuary
  3054 | D:8      | Noticed Erica
  3080 | D:9      | HP: 3/61 [something (9)]
  3086 | D:9      | Reached skill level 8 in Invocations
  3093 | D:9      | Reached skill level 5 in Fighting
  3186 | D:9      | Found a staircase to the Lair.
  3297 | D:7      | Reached **** piety under Lugonu
  3303 | D:7      | Gained mutation: Your mind is acute. (Int +2) [mutagenic meat]
  3304 | D:7      | Gained mutation: You are somewhat resistant to further mutation. [mutagenic meat]
  3745 | D:7      | Reached skill level 9 in Invocations
  3904 | D:8      | Gained mutation: You regenerate a little health from kills. [demonic ancestry]
  3904 | D:8      | Reached XP level 9. HP: 53/68 MP: 15/15
  3995 | D:8      | Found an ancient bone altar of Kikubaaqudgha.
  4135 | D:8      | Killed Erica
  4135 | D:8      | Reached skill level 5 in Armour
  4135 | D:8      | Reached skill level 10 in Invocations
  4201 | D:8      | Reached skill level 10 in Long Blades
  4201 | D:8      | Reached skill level 13 in Invocations
  4201 | D:8      | Gained mutation: You have a pair of antennae on your head. [demonic ancestry]
  4201 | D:8      | Reached XP level 10. HP: 76/76 MP: 16/20
  4601 | D:9      | Reached ***** piety under Lugonu
  4777 | D:9      | Gained mutation: You have sharp fingernails. [demonic ancestry]
  4777 | D:9      | Reached XP level 11. HP: 51/81 MP: 18/21
  4783 | D:9      | Reached skill level 14 in Invocations
  4842 | D:9      | Found an iron altar of Okawaru.
  4895 | D:10     | Entered Level 10 of the Dungeon
  4909 | D:10     | Noticed Fannar
  4955 | D:11     | Learned a level 1 spell: Apportation
  4957 | D:11     | Learned a level 1 spell: Animate Skeleton
  5323 | D:10     | Banished Fannar
  5541 | D:11     | Noticed a hill giant
  5552 | D:11     | Killed a hill giant
  5570 | D:11     | Noticed a hill giant
  5615 | D:11     | Killed a hill giant
  5626 | D:11     | Noticed Grum
  5958 | D:11     | Killed Grum
  6032 | D:11     | Found a staircase to the Orcish Mines.
  6222 | D:11     | Reached skill level 15 in Invocations
  6966 | D:15     | Entered Level 15 of the Dungeon
  7039 | D:15     | Noticed a hill giant
  7088 | D:14     | Killed a hill giant
  7088 | D:14     | Reached XP level 12. HP: 84/90 MP: 9/23
  7236 | D:14     | Learned a level 3 spell: Regeneration
  7408 | D:15     | Reached skill level 1 in Charms
  7408 | D:15     | Reached skill level 1 in Necromancy
  7632 | D:15     | Reached skill level 1 in Evocations
  7750 | D:15     | Reached skill level 1 in Spellcasting
  7934 | D:13     | Noticed a centaur warrior
  7951 | D:13     | Killed a centaur warrior
  7966 | D:13     | Noticed a centaur warrior
  7967 | D:13     | Banished a centaur warrior
  7986 | D:13     | Found a glowing golden altar of the Shining One.
  8078 | D:13     | Noticed Snorg
  8088 | D:13     | Killed Snorg
  8088 | D:13     | Reached skill level 16 in Invocations
  8423 | D:13     | Noticed a yaktaur captain
  8433 | D:13     | Banished a yaktaur captain
  8538 | D:13     | Noticed a tengu reaver
  8538 | D:13     | Banished a tengu reaver
  8565 | D:13     | Noticed a vampire knight
  8569 | D:13     | Banished a vampire knight
  8575 | D:13     | Got a pair of steaming boots
  8586 | D:13     | Identified the +4 pair of boots "Besal" {rN+ Regen+ Str+4 Slay-5} (You found it on level 13 of the Dungeon)
  8587 | D:13     | meh
  8856 | Orc:1    | Entered Level 1 of the Orcish Mines
  9060 | Orc:2    | Found Gutiri's Armour Shoppe.
  9067 | Orc:2    | Found a roughly hewn altar of Beogh.
  9071 | Orc:2    | meh
  9391 | Orc:3    | Noticed Erolcha
  9623 | Orc:3    | Found Uckynnut's Assorted Antiques.
  9632 | Orc:3    | Found a staircase to the Elven Halls.
  9635 | Orc:3    | Killed Erolcha
  9635 | Orc:3    | Gained mutation: You have razor-sharp toenails. [demonic ancestry]
  9635 | Orc:3    | Reached XP level 13. HP: 87/96 MP: 25/25
  9662 | Orc:3    | Bought a faintly glowing great sword for 368 gold pieces
  9662 | Orc:3    | Bought a scroll labeled YMADUO YFUEDEX for 32 gold pieces
  9662 | Orc:3    | Identified the +3 great sword of Hiluxkus {freeze, +Blink rElec SInv} (You bought it in a shop on level 3 of the Orcish Mines)
  9663 | Orc:3    | meh
  9785 | Orc:4    | Entered Level 4 of the Orcish Mines
  9785 | Orc:4    | Noticed Sonja
  9797 | Orc:4    | Killed Sonja
  9805 | Orc:4    | Found a roughly hewn altar of Beogh.
  9827 | Orc:4    | Noticed 4thArraOfDagon's ghost (journeyman DsAK)
  9829 | Orc:4    | ugh
  9841 | Orc:4    | Banished 4thArraOfDagon's ghost
  9867 | Orc:4    | Noticed Zebura's ghost (journeyman DrAE)
  9868 | Orc:4    | Banished Zebura's ghost
  9995 | Orc:4    | rl
 10135 | Orc:4    | Corrupted Orc:4
 10135 | Orc:4    | Noticed an Executioner
 10135 | Orc:4    | Noticed a starcursed mass
 10157 | Orc:4    | Killed an orc warlord
 10202 | Orc:4    | Found Caovui's Magic Scroll Shop.
 10260 | Orc:4    | Found a roughly hewn altar of Beogh.
 10316 | Orc:4    | HP: 4/97 [orc warrior/glaive[an orc high priest] (16)]
 10427 | Orc:4    | Found Goclekug's General Store.
 10590 | Orc:4    | Found Loijiheg's General Store.
 10591 | Orc:4    | Found Foneoloc's Book Shoppe.
 10592 | Orc:4    | Found Aphon's Antique Armour Shoppe.
 10592 | Orc:4    | Found Ibycuf's Antique Weapon Emporium.
 10618 | Orc:4    | Bought the -2 hat of the Alchemist {rElec rPois rF+ rC+ rN+ MR+ rMut rCorr} for 1557 gold pieces
 10618 | Orc:4    | Bought a pair of runed gloves for 148 gold pieces
 10618 | Orc:4    | Bought a translucent scale mail for 297 gold pieces
 10644 | Orc:4    | Identified the +6 scale mail of Mileg {rPois} (You bought it in a shop on level 4 of the Orcish Mines)
 10852 | Orc:3    | Bought a scroll of identify for 64 gold pieces
 10866 | Elf:1    | Entered Level 1 of the Elven Halls
 11001 | Lair:1   | Entered Level 1 of the Lair of Beasts
 11059 | Lair:1   | Learned a level 3 spell: Spectral Weapon
 11062 | Lair:1   | Learned a level 2 spell: Song of Slaying
 11066 | Lair:1   | Found a frozen archway.
 11080 | IceCv    | Entered an ice cave
 11596 | IceCv    | Reached skill level 1 in Translocations
 11776 | IceCv    | Noticed a frost giant
 11792 | IceCv    | Banished a frost giant
 12497 | Lair:3   | Noticed Harold
 12516 | Lair:3   | Killed Harold
 12862 | Lair:4   | Learned a level 8 spell: Controlled Blink
 12950 | Lair:4   | Reached skill level 17 in Invocations
 13015 | Lair:4   | Gained mutation: You regenerate health from kills. [demonic ancestry]
 13015 | Lair:4   | Reached XP level 14. HP: 98/106 MP: 26/26
 13050 | Lair:4   | Found a hole to the Spider Nest.
 13165 | Lair:4   | Reached ****** piety under Lugonu
 13530 | Lair:5   | Found an opulent altar of Gozag.
 13839 | Lair:6   | Found a staircase to the Slime Pits.
 13840 | Lair:6   | Found a viscous altar of Jiyva.
 14016 | Lair:6   | HP: 5/106 [spatial distortion (2)]
 14189 | Lair:7   | Got a fabulously ornate robe
 14270 | Lair:7   | Reached skill level 5 in Evocations
 14644 | Lair:8   | Entered Level 8 of the Lair of Beasts
 14990 | Lair:8   | Reached skill level 5 in Spellcasting
 15115 | Lair:8   | Identified the +0 robe of the Spheres {+Blink MR+} (You found it on level 7 of the Lair of Beasts)
 15355 | Lair:8   | Reached skill level 18 in Invocations
 15529 | Lair:8   | Gained mutation: You have very sharp fingernails. [demonic ancestry]
 15529 | Lair:8   | Reached XP level 15. HP: 113/113 MP: 24/28
 15626 | Abyss:1  | HP: 3/113 [poisoned by a redback]
 15630 | Abyss:1  | Found a corrupted altar of Lugonu.
 15637 | Abyss:1  | XOM: swap monsters
 15681 | Abyss:1  | Found a corrupted altar of Lugonu.
 15704 | Lair:8   | Escaped the Abyss
 15783 | Lair:8   | Got a dazzling great sword
 15787 | Lair:8   | Reached skill level 5 in Translocations
 15816 | Lair:8   | Identified the +5 great sword of Darkness {venom, +Blink Dex+3} (You found it on level 8 of the Lair of Beasts)
 16404 | Elf:1    | Reached skill level 10 in Fighting
 16419 | Elf:1    | Learned a level 5 spell: Phase Shift
 17091 | Elf:2    | Reached skill level 1 in Shields
 17545 | Elf:3    | Entered Level 3 of the Elven Halls
 17636 | Elf:3    | Found Killuf's Jewellery Boutique.
 17639 | Elf:3    | Bought the ring "Wiagrir" {+/*Tele Str+6} for 519 gold pieces
 17709 | Elf:3    | Noticed Aizul
 17722 | Elf:3    | Killed Aizul
 17833 | Elf:3    | Noticed Saint Roka
 17834 | Elf:3    | Corrupted Elf:3
 17834 | Elf:3    | Noticed a tentacled starspawn
 17835 | Elf:3    | Noticed an ancient lich
 17836 | Elf:3    | Noticed a tentacled starspawn
 17840 | Elf:3    | Noticed a bone dragon
 17841 | Elf:3    | Noticed a tentacled starspawn
 17844 | Elf:3    | Killed Saint Roka
 18103 | Elf:3    | Learned a level 2 spell: Repel Missiles
 18110 | Elf:3    | Got a spiked chain mail
 18113 | Elf:3    | Identified the +8 chain mail "Qotip" {rElec MR- Str+3} (You found it on level 3 of the Elven Halls)
 18193 | Elf:3    | Noticed a deep elf blademaster
 18207 | Elf:3    | Killed a deep elf blademaster
 18249 | Elf:3    | Noticed a deep elf blademaster
 18265 | Elf:3    | Killed a deep elf blademaster
 18357 | Elf:3    | Cast into level 2 of the Abyss (a deep elf sorcerer)
 18412 | Elf:3    | Escaped the Abyss
 18429 | Elf:3    | Gained mutation: You have claws for feet. [demonic ancestry]
 18429 | Elf:3    | Reached XP level 16. HP: 122/122 MP: 29/29
 18482 | Elf:3    | Reached skill level 19 in Invocations
 18554 | Elf:3    | Got a pair of transparent gloves
 18568 | Elf:3    | Identified the cursed +0 pair of gloves "Ychacyci" {+Blink +Inv rF- Int+4} (You found it on level 3 of the Elven Halls)
 18678 | Elf:2    | Found a runed gate.
 18678 | Elf:2    | Found a runed gate.
 18678 | Elf:2    | Found a runed gate.
 18828 | Orc:4    | Bought a scroll of teleportation for 30 gold pieces
 18855 | Orc:4    | Bought a scroll of enchant armour for 105 gold pieces
 18855 | Orc:4    | Bought a scroll of teleportation for 42 gold pieces
 18855 | Orc:4    | Bought a scroll of blinking for 105 gold pieces
 18855 | Orc:4    | Bought a scroll of fog for 28 gold pieces
 18855 | Orc:4    | Bought a scroll of identify for 28 gold pieces
 18855 | Orc:4    | Bought a scroll of teleportation for 42 gold pieces
 18855 | Orc:4    | Bought a scroll of recharging for 133 gold pieces
 18917 | Orc:4    | Bought a scroll of teleportation for 42 gold pieces
 19145 | Spider:1 | Entered Level 1 of the Spider Nest
 19274 | Spider:1 | Reached skill level 1 in Hexes
 19292 | Spider:1 | Identified a +1 rod of the swarm (9/9) (You found it on level 3 of the Elven Halls)
 19806 | Spider:4 | Entered Level 4 of the Spider Nest
 19894 | Spider:4 | Reached skill level 5 in Shields
 20936 | Spider:4 | Identified a scroll of acquirement
 20953 | Spider:4 | Got a gossamer rune of Zot
 20981 | Spider:4 | Learned a level 4 spell: Passage of Golubria
 21468 | Lair:4   | Gained mutation: You regenerate a lot of health from kills. [demonic ancestry]
 21468 | Lair:4   | Reached XP level 17. HP: 105/129 MP: 30/30
 21759 | Lair:3   | Found a staircase to the Shoals.
 21772 | Shoals:1 | Entered Level 1 of the Shoals
 22090 | Shoals:2 | Reached skill level 10 in Armour
 22139 | Shoals:2 | Reached skill level 15 in Long Blades
 22258 | Shoals:2 | Reached skill level 20 in Invocations
 22699 | Shoals:4 | Entered Level 4 of the Shoals
 22699 | Shoals:4 | Noticed Ilsuiw
 23124 | Shoals:4 | Got a barnacled rune of Zot
 24399 | D:15     | Found a staircase to the Depths.
 24407 | Depths:1 | Entered Level 1 of the Depths
 24545 | Depths:2 | Paralysed by a sphinx for 6 turns
 24556 | Depths:1 | HP: 6/131 [spriggan defender/lajatang of pain (12)]
 24800 | Abyss:1  | Noticed a bone dragon
 25038 | Abyss:1  | Killed Fannar
 25077 | Abyss:1  | Reached skill level 21 in Invocations
 25160 | Abyss:1  | Noticed a lich
 25172 | Abyss:1  | Killed a lich
 25226 | Depths:1 | Escaped the Abyss
 25235 | Depths:1 | Reached XP level 18. HP: 116/138 MP: 24/32
 25430 | Depths:1 | Found a gateway to a ziggurat.
 25748 | Depths:1 | Escaped the Abyss
 26099 | Depths:1 | Found Izxefod's Book Emporium.
 26240 | Depths:1 | Found Xocoo's Book Boutique.
 26508 | Depths:2 | Noticed a juggernaut
 26529 | Abyss:1  | Found a corrupted altar of Lugonu.
 27005 | Abyss:2  | Found a corrupted altar of Lugonu.
 27036 | Abyss:2  | Noticed a bone dragon
 27058 | Abyss:2  | Killed a bone dragon
 27170 | Abyss:2  | Noticed a bone dragon
 27195 | Abyss:2  | Killed a bone dragon
 27238 | Abyss:4  | Found a corrupted altar of Lugonu.
 27281 | Abyss:5  | Entered Level 5 of the Abyss
 27399 | Abyss:5  | Found a shimmering altar of Xom.
 27399 | Abyss:5  | Found a shimmering altar of Xom.
 27399 | Abyss:5  | Found a shimmering altar of Xom.
 27399 | Abyss:5  | Found a shimmering altar of Xom.
 27399 | Abyss:5  | Found a viscous altar of Jiyva.
 27399 | Abyss:5  | Found a shimmering altar of Xom.
 27399 | Abyss:5  | Found a shimmering altar of Xom.
 27399 | Abyss:5  | Found a shimmering altar of Xom.
 27399 | Abyss:5  | Found a corrupted altar of Lugonu.
 27399 | Abyss:5  | Found a shimmering altar of Xom.
 27399 | Abyss:5  | Found a shimmering altar of Xom.
 27399 | Abyss:5  | Found a shimmering altar of Xom.
 27399 | Abyss:5  | Found a shimmering altar of Xom.
 27399 | Abyss:5  | Found a shimmering altar of Xom.
 27399 | Abyss:5  | Found a shimmering altar of Xom.
 27399 | Abyss:5  | Found a shimmering altar of Xom.
 27435 | Abyss:5  | Found an oddly glowing altar of Pakellas.
 27507 | Abyss:5  | HP: 6/140 [deep elf sorcerer/blast of hellfire (36)]
 27690 | Abyss:5  | Found a corrupted altar of Lugonu.
 27717 | Abyss:5  | Reached skill level 22 in Invocations
 27848 | Abyss:5  | Reached XP level 19. HP: 42/131 MP: 31/34
 27952 | Abyss:5  | Found a runed door.
 27952 | Abyss:5  | Found a runed door.
 27958 | Abyss:5  | Got an abyssal rune of Zot
 27960 | Abyss:5  | Found a runed door.
 28017 | Abyss:5  | Noticed a bone dragon
 28049 | Abyss:5  | Killed a bone dragon
 28070 | Abyss:5  | Paralysed by a great orb of eyes for 2 turns
 28270 | Abyss:5  | Reached skill level 10 in Translocations
 28365 | Depths:3 | Escaped the Abyss
 28618 | Depths:2 | Found a one-way gate leading to the halls of Pandemonium.
 28784 | Depths:2 | Found a gateway to Hell.
 29049 | Depths:3 | HP: 2/148 [deep troll earth mage (17)]
 29073 | Depths:3 | HP: 7/148 [deep troll earth mage (7)]
 29343 | Depths:3 | Learned a level 6 spell: Haste
 29423 | Depths:5 | Entered Level 5 of the Depths
 29498 | Depths:4 | Reached skill level 5 in Charms
 29621 | Depths:4 | Found a one-way gate to the infinite horrors of the Abyss.
 30008 | Depths:3 | Found a runed door.
 30052 | Depths:3 | Identified Jocsafi's Handbook of the Sinister Escort (You found it on level 3 of the Depths)
 30065 | Depths:3 | Noticed a golden dragon
 30065 | Depths:3 | Found a runed door.
 30130 | Depths:3 | Killed a golden dragon
 30130 | Depths:3 | Gained mutation: You are immune to clouds of flame. [demonic ancestry]
 30130 | Depths:3 | Reached XP level 20. HP: 97/155 MP: 26/35
 30250 | Depths:3 | Noticed a juggernaut
 30293 | Depths:3 | Killed a juggernaut
 30293 | Depths:3 | Reached skill level 23 in Invocations
 30337 | Depths:3 | Noticed a golden dragon
 30342 | Depths:3 | Killed a golden dragon
 30365 | Depths:3 | Got an ancient wooden ring
 30366 | Depths:3 | Identified the ring of Xativvoh {Str+6 Int+5} (You took it off a rakshasa on level 3 of the Depths)
 30634 | Depths:2 | Noticed a caustic shrike
 30641 | Depths:2 | Killed a caustic shrike
 30890 | Depths:2 | Slain by a spriggan berserker

Vault maps used:
D:1:      lightli_arrival_isolated_outpost, lexackson_kobold_supper
D:2:      dk_yredelemnul_ordeal
D:3:      nicolae_overflow_hidden_temple
D:4:      first_bread, serial_shops, shop_fountains, uniq_pikel, uniq_grinder,
          uniq_purgy
D:5:      uniq_eustachio, uniq_blork_the_orc
D:6:      minivault_11
D:7:      minmay_temple_entry_fiery, grunt_ogre_cave
D:8:      gup_ossuary_entry_pyramid, basic_altar, uniq_erica
D:9:      dpeg_oklobed_lair, basic_altar
D:10:     serial_undead, serial_undead_e, serial_undead_a, serial_undead_a,
          serial_undead_a, serial_undead_f, kennysheep_generic_room_11,
          uniq_fannar
D:11:     orc_0_dummy, uniq_grum
D:13:     cross_vault, hangedman_vaults_entry_quadrant_bands, tso_altar,
          uniq_snorg
D:15:     grunt_enter_depths_hoard, minmay_misc_feat_secret_circle,
          serial_co_window_serial, co_window_paths_a, co_window_paths_b,
          co_window_paths_a, co_window_paths_a, co_window_paths_a,
          co_window_of_opportunity_b, co_window_cross_4, co_window_2corner,
          co_window_4corner_b
Lair:1:   portal_ice_cave_entry_pillars_02
Lair:2:   infiniplex_staircase_pool
Lair:3:   elwin_shoals_entry_rocks, serial_forest,
          infiniplex_forest_clump_double, infiniplex_forest_clump_medium,
          infiniplex_forest_corner_2, infiniplex_forest_side_room,
          infiniplex_forest_clump_small, infiniplex_forest_lined_room_,
          lemuel_fruit_tree, uniq_harold
Lair:4:   kennysheep_rathole, nicolae_spider_entry_tight_spaces, serial_forest,
          infiniplex_forest_lined_corner, infiniplex_forest_clump_tiny,
          infiniplex_forest_straight_4, infiniplex_forest_lined_room_2,
          infiniplex_forest_clump_C, infiniplex_forest_lined_ring,
          infiniplex_forest_clump_medium, infiniplex_forest_clump_double,
          infiniplex_forest_lined_room_3, serial_bayou_pond_a, st_stairs_12,
          grunt_forest_small_clearings, dpeg_oklob_1, serial_bayou_shore_b
Lair:5:   basic_altar, serial_bayou_shore_b, serial_bayou_shore_b
Lair:6:   slime_altar_1
Lair:7:   serial_forest, infiniplex_forest_lined_3,
          infiniplex_forest_clump_cross, infiniplex_forest_straight_2,
          infiniplex_forest_fountain, infiniplex_forest_straight_4,
          infiniplex_forest_corner_2, infiniplex_forest_zigzag_2,
          infiniplex_forest_lined_room_2, infiniplex_forest_lined_2,
          infiniplex_forest_clump_small, hangedman_lair_generics_rect
Lair:8:   minmay_lair_end_enchanted_forest
Shoals:1: nicolae_shoals_water_elemental_grotto
Shoals:4: shoals_end_grunt_ice, shoals_ilsuiw_ice
Spider:2: hangedman_spider_tarantella_strand, uniq_frances
Spider:3: uniq_arachne
Spider:4: grunt_spider_rune_circles
Orc:2:    serial_shops, shop, basic_altar
Orc:3:    serial_shops, nicolae_shop_overgrown_old_shop,
          nicolae_orc_pool_cavern, uniq_erolcha
Orc:4:    st_orc_congregation, serial_shops, nicolae_shop_trees,
          nicolae_shop_behind_doors, basic_altar, kennysheep_orc_chapel,
          uniq_sonja
Elf:1:    minmay_elf_crystal_heptagon, grunt_megastairs_2
Elf:3:    minmay_elf_hall_dome, serial_shops, nicolae_shop_window_shopping,
          feat_on_display, uniq_aizul, uniq_saint_roka, uniq_wiglaf,
          uniq_jorgrun
Depths:1: enter_ziggurat_a, serial_shops, kennysheep_little_box, pf_coc_iceberg,
          minmay_room_of_horrors, serial_bayou_ford_a, st_stairs_7,
          grunt_ministairs_7, kennysheep_small_square
Depths:2: minmay_central_circle, pan_entry, minmay_misc_feat_room, hell_entry,
          evilmike_butchery
Depths:3: minmay_expanding_circles, hellmouth_1, rand_demon_pan_entry_1,
          infiniplex_staircase_star
Depths:4: cheibrodos_poisonous_passages, abyss_entry_crystal,
          hangedman_geh_valley, rand_demon_pan_entry_3, corexii_corridor_pit,
          kennysheep_generic_room_13, infiniplex_staircase_split_hallway,
          firewood_loft, uniq_mennas
Depths:5: grunt_bruiser_brothers, lemuel_round_altar, lightli_too_deep
Abyss:1:  hangedman_cross_veins, evilmike_abyss_exit_11
Abyss:2:  evilmike_abyss_exit_16, hangedman_relentless_pull
Abyss:3:  evilmike_abyss_rune_acolytes_1
Abyss:4:  due_exit_kobolds, hangedman_abyss_monster_moat,
          hangedman_abyss_batty_box, grunt_abyss_rune_the_horror
Abyss:5:  due_abyss_rune, evilmike_abyss_exit_glass
Ossuary:  ossuary_minmay_chase
IceCv:    ice_cave_caverns_02

Action                   |  1- 3 |  4- 6 |  7- 9 | 10-12 | 13-15 | 16-18 | 19-21 || total
-------------------------+-------+-------+-------+-------+-------+-------+-------++-------
Melee: Falchion          |   110 |    93 |    76 |       |       |       |       ||   279
       Scimitar          |       |       |   226 |   753 |   411 |       |       ||  1390
       Demon blade       |       |       |       |       |  1557 |  2322 |   975 ||  4854
       Great sword       |       |       |       |       |    38 |       |       ||    38
 Fire: Blowgun           |     4 |    46 |    21 |   105 |       |       |       ||   176
 Cast: Regeneration      |       |       |       |       |   146 |   130 |    64 ||   340
       Animate Skeleton  |       |       |       |       |    40 |    64 |    23 ||   127
       Song of Slaying   |       |       |       |       |     2 |       |       ||     2
       Apportation       |       |       |       |       |     9 |    42 |     9 ||    60
       Spectral Weapon   |       |       |       |       |     9 |    74 |    48 ||   131
       Repel Missiles    |       |       |       |       |       |     9 |     3 ||    12
       Passage of Golubr |       |       |       |       |       |     2 |       ||     2
Invok: Depart the Abyss  |     1 |       |       |       |     2 |       |       ||     3
       Banish            |       |       |       |    28 |    22 |     9 |     1 ||    60
       Corrupt           |       |       |       |       |     2 |       |       ||     2
       Bend Space        |       |       |       |       |     2 |     2 |     1 ||     5
       Enter the Abyss   |       |       |       |       |     1 |     3 |       ||     4
 Abil: Spit Poison       |       |       |     8 |    28 |       |       |       ||    36
       Evoke Teleportati |       |       |       |       |       |    24 |     6 ||    30
       Evoke Invisibilit |       |       |       |       |       |       |     1 ||     1
       Turn Visible      |       |       |       |       |       |       |     1 ||     1
Evoke: Wand              |       |       |       |       |    21 |    16 |    14 ||    51
       Deck              |       |       |       |       |     5 |       |       ||     5
       Box of beasts     |       |       |       |       |     4 |     4 |     1 ||     9
       Fan of gales      |       |       |       |       |     1 |       |     1 ||     2
       Piece from Xom's  |       |       |       |       |     1 |       |       ||     1
  Use: Scroll            |     4 |     1 |    19 |     9 |    13 |    18 |     8 ||    72
       Potion            |     1 |     2 |     6 |       |     8 |     9 |     6 ||    32
 Stab: Paralysed         |       |       |       |       |     4 |       |       ||     4
       Distracted        |       |       |       |       |     3 |    28 |    13 ||    44
  Eat: Chunk             |       |     5 |    11 |    24 |    87 |    40 |    23 ||   190
       Beef jerky        |       |     1 |       |       |       |     6 |       ||     7
       Bread ration      |       |       |     1 |     1 |       |       |       ||     2
       Pizza             |       |       |     1 |       |     4 |     1 |       ||     6
       Fruit             |       |       |       |     7 |     7 |     3 |       ||    17
       Royal jelly       |       |       |       |       |       |     1 |       ||     1
